Map: Ulrena

Players

Vanish

  • Race: Zerg Zerg
  • League: Gold

Grumm - Winner!

  • Race: Protoss Protoss
  • League: Gold

VOD

Have the link to the VOD?

Description

Time

  • Played on: Jan. 27, 2016, 2:53 p.m.
  • Length: 10:15
Show
View Real Time Build Order
Export as new Build Order

Vanish Zerg 

Build Orders: Hatch First 

Get SALT Encoding   

  12  0:01  Drone  
  13  0:09  Drone  
  14  0:19  Overlord  
  14  0:40  Drone x3  
  17  0:53  Hatchery  
  16  1:09  Spawning Pool  
  15  1:12  Drone  
  15  1:16  Drone  
  17  1:20  Extractor  
  17  1:21  Drone  
  17  1:25  Drone  
  18  1:39  Overlord  
  18  1:50  Drone  
  19  1:55  Queen  
  19  1:59  Overlord  
  21  2:06  Drone  
  22  2:14  Drone  
  23  2:24  Metabolic Boost  
  23  2:38  Zergling x8, Extractor  
  23  2:39  Queen  
  28  2:46  Drone x2  
  28  2:50  Spore Crawler  
  29  2:53  Spore Crawler  
  29  2:57  Drone  
  29  3:06  Zergling x6  
  32  3:15  Drone  
  32  3:16  Drone x2  
  35  3:34  Drone x2  
  35  3:35  Drone x3  
  38  4:02  Zergling x12  
  43  4:06  Queen, Roach Warren  
  40  4:15  Spine Crawler  
  38  4:24  Drone x3  
  38  4:26  Spine Crawler  
  39  4:32  Drone x2  
  44  5:00  Roach  
  44  5:02  Overlord x2  
  44  5:16  Hatchery  
  43  5:23  Lair  
  43  5:25  Roach x6  
  55  5:38  Drone x3  
  55  5:39  Drone x2  
  60  5:55  Overlord x2  
  60  5:58  Overlord x2  
  60  6:05  Extractor  
  60  6:06  Extractor  
  60  6:09  Evolution Chamber  
  57  6:11  Evolution Chamber  
  48  6:31  Drone x3  
  48  6:32  Drone x2, Hydralisk Den  
  44  6:35  Roach  
  44  6:36  Roach x4  
  50  6:45  Queen  
  46  7:17  Hydralisk  
  46  7:18  Hydralisk x6  
  46  7:19  Hydralisk  
  46  7:20  Hydralisk  
  62  7:42  Drone x5, Spore Crawler  
  62  7:43  Drone  
  67  7:48  Muscular Augments  
  63  8:10  Zergling x2, Hydralisk, Roach  
  63  8:11  Zergling x4  
  63  8:12  Zergling x2  
  51  8:27  Hydralisk x3  
  27  8:53  Drone x4  
  27  8:54  Drone x2  
  12  9:25  Zergling x8  
  12  9:26  Zergling x2  
Show
View Real Time Build Order
Export as new Build Order

Grumm Protoss - Winner!

Build Orders: Oracle Opening 

Get SALT Encoding   

  12  0:09  Pylon  
  12  0:13  Probe (Chrono Boost)  
  13  0:29  Gateway  
  13  0:33  Probe (Chrono Boost)  
  14  0:44  Probe (Chrono Boost)  
  14  0:46  Assimilator  
  15  0:59  Probe (Chrono Boost)  
  16  1:09  Probe (Chrono Boost)  
  17  1:17  Cybernetics Core, Zealot (Chrono Boost)  
  19  1:28  Probe  
  20  1:33  Pylon  
  20  1:40  Probe  
  21  1:52  Probe  
  21  1:53  Adept (Chrono Boost)  
  24  1:54  Warp Gate (Chrono Boost)  
  24  2:05  Assimilator  
  24  2:06  Probe  
  25  2:14  Gateway  
  25  2:18  Probe  
  25  2:22  Zealot  
  28  2:32  Stargate  
  28  2:35  Pylon  
  28  2:39  Probe  
  28  2:49  Zealot  
  30  2:51  Probe  
  31  3:02  Stalker  
  33  3:09  Pylon  
  33  3:16  Oracle (Chrono Boost)  
  36  3:25  Adept  
  38  3:47  Zealot  
  40  3:49  Pylon  
  38  4:05  Nexus  
  38  4:32  Probe  
  39  5:01  Probe  
  40  5:09  Gateway  
  40  5:13  Gateway  
  40  5:16  Probe  
  40  5:20  Void Ray (Chrono Boost)  
  45  5:28  Probe  
  46  5:37  Robotics Facility  
  46  5:46  Pylon, Probe  
  46  5:48  Probe  
  48  5:50  Stalker  
  48  5:52  Sentry  
  46  6:33  Void Ray (Chrono Boost)  
  46  6:34  Stalker x2  
  46  6:35  Immortal  
  52  7:19  Probe  
  52  7:20  Probe  
  52  7:21  Stalker  
  52  7:22  Stalker  
  54  7:23  Zealot x2  
  54  7:24  Immortal  
  54  7:26  Void Ray (Chrono Boost)  
  63  7:51  Forge  
  63  7:52  Probe  
  63  7:54  Probe  
  63  7:56  Assimilator  
  63  7:57  Pylon  
  65  7:58  Zealot x2  
  65  8:00  Zealot x2  
  61  8:35  Stalker x3  
  47  9:16  Stalker  
  49  9:17  Stalker x2  
  49  9:19  Immortal  
  49  9:21  Void Ray (Chrono Boost)  
  57  9:47  Zealot x2  
  57  9:48  Zealot x2  
Tags
 
Add a new tag
Caveats
  • Supply blocks, unpowered buildings, or Contaminate may cause inaccurate times.
  • Supply counts are checked every 10 seconds.